 Dungeon Crawl Stone Soup version 0.30-a0-782-ge64f9170bb (webtiles) character file.

Game seed: 8571553410328224636

126 senseless the Trooper (level 4, 0/35 HPs)
             Began as a Demonspawn Fighter on Mar 1, 2023.
             Was an Initiate of Okawaru.
             Killed by divine providence
             ... invoked by an orc priest
              (14 damage)
             ... on level 3 of the Dungeon.
             The game lasted 00:05:13 (1922 turns).

senseless the Trooper (Demonspawn Fighter)          Turns: 1922, Time: 00:05:14

Health: 0/35       AC: 12    Str: 18    XL:     4   Next: 83%
Magic:  4/4        EV:  9    Int:  9    God:    Okawaru [......]
Gold:   122        SH:  4    Dex: 13    Spells: 3/4 levels left

rFire   . . .      SeeInvis .    a - +0 war axe
rCold   + . .      Faith    .    c - +0 buckler
rNeg    . . .      Spirit   .    b - +0 scale mail
rPois   .          Reflect  .    (no helmet)
rElec   .          Harm     .    (no cloak)
rCorr   .          Rampage  .    i - +0 pair of gloves
Will    .....                    (no boots) Stlth
                                 (no amulet)
HPRegen 0.25/turn                (no ring)
MPRegen 0.09/turn                (no ring)

@: no status effects
A: icy blue scales 3
a: Renounce Religion


You were on level 3 of the Dungeon.
You worshipped Okawaru.
Okawaru was noncommittal.
You visited 1 branch of the dungeon, and saw 3 of its levels.

You collected 122 gold pieces.

Inventory:

Hand Weapons
 a - a +0 war axe (weapon)
 j - a +2 dagger of protection
Armour
 b - a +0 scale mail (worn)
 c - a +0 buckler (worn)
 i - a +0 pair of gloves (worn)
Wands
 g - a wand of roots (6)
 l - a wand of light (1)
Scrolls
 e - a scroll of fear {unknown}
 f - a scroll of teleportation {unknown}
 k - a scroll of vulnerability {unknown}
Potions
 d - 2 potions of might
 h - a potion of flight {unknown}
 m - a potion of mutation {unknown}
 n - a potion of curing {unknown}


   Skills:
 + Level 3.4 Fighting
 + Level 3.2 Axes
 + Level 3.2 Armour
 + Level 1.1 Dodging
 + Level 3.0 Shields
 + Level 0.5 Spellcasting


You had 3 spell levels left.
You knew the following spells:

 Your Spells              Type           Power      Damage    Failure   Level
a - Magic Dart            Conj           0%         1d3       85%         1

Your spell library contained the following spells:

 Spells                   Type           Power      Damage    Failure   Level
 Necrotise                Necr           0%         1d4       85%         1
 Searing Ray              Conj           0%         2d4       94%         2
 Vampiric Draining        Necr           0%         2d6       99%         3
 Fulminant Prism          Conj/Hex       0%         3d5       100%        4
 Agony                    Necr           0%         N/A       100%        5
 Summon Small Mammal      Summ           Unusable   N/A       N/A         1
 Call Canine Familiar     Summ           Unusable   N/A       N/A         3
 Summon Guardian Golem    Hex/Summ       Unusable   N/A       N/A         3

Dungeon Overview and Level Annotations

Branches:
Dungeon (3/15)

Altars:
Fedhas
Okawaru

Shops:
D:3 (


Innate Abilities, Weirdness & Mutations

You are completely covered in icy blue scales. (AC +4, rC+)


Message History

No target in view!
You now have 122 gold pieces (gained 12). 2 orcs and an orc priest come into view.
Found a stone staircase leading down.
The orc shouts! x2; The orc priest shouts!
You see here 5 gold pieces.
You slash the orc!
You kill the orc!
Okawaru accepts your kill.
You slash the orc!
You kill the orc!
Okawaru accepts your kill.
The orc priest calls down the wrath of Beogh upon you.
Beogh smites you!
Items here: )) [ †.
You barely miss the orc priest. You block the orc priest's attack.
You hit the orc priest but do no damage.
The orc priest hits you but does no damage. x2
You closely miss the orc priest. The orc priest barely misses you.
You slash the orc priest!
The orc priest is heavily wounded.
You block the orc priest's attack.
You hit the orc priest.
The orc priest is severely wounded.
The orc priest hits you with a +0 flail. x2
You are too injured to fight recklessly!
You are too injured to fight recklessly!
You are too injured to fight recklessly!
You are too injured to fight recklessly!
You are too injured to fight recklessly!
You are too injured to fight recklessly!
You are too injured to fight recklessly!
You barely miss the orc priest.
The orc priest is severely wounded.
The orc priest hits you but does no damage.
You hit the orc priest.
The orc priest is almost dead.
The orc priest invokes the aid of Beogh against you.
Beogh smites you!
You die...

##########
..>...o@.#
..######$# ..#
#.# ..#
#.####.#######
..#
##............
..##
.###.####.######.
...
.#.......######.
..#
#..#............
..#
#..#.#.#.#.#.##.


You could see an orc priest.

Vanquished Creatures
  Robin (D:3)
  4 adders
  A dart slug (D:1)
  2 orcs (D:3)
  4 endoplasms
  2 giant cockroaches (D:2)
  11 goblins
  9 hobgoblins
  3 jackals (D:1)
  6 quokkas
  2 ball pythons
  6 bats
  5 frilled lizards
  4 kobolds
  9 rats
69 creatures vanquished.

Notes
Turn   | Place    | Note
-------+----------+-------------------------------------------
     0 | D:1      | senseless the Demonspawn Fighter began the quest for the
                  | Orb.
     0 | D:1      | Reached XP level 1. HP: 18/18 MP: 1/1
   179 | D:1      | Gained mutation: You are partially covered in icy blue
                  | scales. (AC +2) [demonic ancestry]
   179 | D:1      | Reached XP level 2. HP: 24/24 MP: 2/2
   559 | D:1      | Gained mutation: You are mostly covered in icy blue scales.
                  | (AC +3) [demonic ancestry]
   559 | D:1      | Reached XP level 3. HP: 19/29 MP: 3/3
   832 | D:1      | Learned a level 1 spell: Magic Dart
  1061 | D:2      | Found an iron altar of Okawaru.
  1069 | D:2      | Became a worshipper of Warmaster Okawaru
  1393 | D:2      | Gained mutation: You are completely covered in icy blue
                  | scales. (AC +4, rC+) [demonic ancestry]
  1393 | D:2      | Reached XP level 4. HP: 35/35 MP: 4/4
  1755 | D:3      | Noticed Robin
  1764 | D:3      | Reached skill level 1 in Dodging
  1773 | D:3      | Killed Robin
  1855 | D:3      | Found a blossoming altar of Fedhas.
  1861 | D:3      | Found Lecec's Antique Weapon Shop.
  1922 | D:3      | Killed from afar by an orc priest

Illustrated notes

Levels and vault maps discovered:
D:1:      kennysheep_arrival_forest, layout_loops_ring
D:2:      minmay_spotlight, layout_basic, basic_altar, minmay_indecisive_spiral
D:3:      layout_loops_ring, lemuel_crystal_altar, serial_shops, shop,
          shapermc_ecumenical_altar_pompeii, minmay_gold_behind_fungi,
          chequers_serial_rivers_micro_c, uniq_terence, uniq_grinder, uniq_robin

Skill      XL: |  1  2  3  4 |
---------------+-------------+-----
Axes           | 2 3 |  3.2
Armour         | 3 |  3.2
Shields        | 3 |  3.0
Dodging        | 1 |  1.1
Fighting       | |  3.4
Spellcasting   | |  0.5

Action                     |  1- 3 |  4- 6 || total
---------------------------+-------+-------++-------
  Melee: War axe           |   138 |    49 ||   187
 Armour: Scale mail        |    71 |    48 ||   119
  Dodge: Dodged            |    63 |    34 ||    97
  Block: Buckler           |    27 |    16 ||    43

Table legend: (Time is in decaauts)
 A = Elapsed time spent in this place.
 B = Non-inter-level travel time spent in this place.
 C = Inter-level travel time spent in this place.
 D = Time resting spent in this place.
 E = Time spent auto-exploring this place.
 F = Levels seen in this place.
 G = Mean time per level.
                   A        B        C        D        E       F      G
               +--------+--------+--------+--------+--------+-----+--------+
         Total |   2001 |   1963 |     38 |      0 |   1503 |   3 |  667.0 |
       Dungeon |   2001 |   1963 |     38 |      0 |   1503 |   3 |  667.0 |
               +--------+--------+--------+--------+--------+-----+--------+

Top non-repeatable levels by time:
     D:2: 901 daAuts
     D:1: 884 daAuts
     D:3: 214 daAuts
